 Dungeon Crawl Stone Soup version 0.30.1-11-g7821555f0a (webtiles) character file.

Game seed: 12243492819192608774

78 Merimose the Magician (level 4, -1/32 HPs)
             Began as a Mummy Venom Mage on Dec 11, 2023.
             Was an Initiate of Qazlal.
             Slain by a phantom (3 damage)
             ... on level 4 of the Dungeon.
             The game lasted 00:06:21 (1096 turns).

Merimose the Magician (Mummy Venom Mage)            Turns: 1096, Time: 00:06:22

Health: -1/32      AC:  2    Str: 11    XL:     4   Next: 15%
Magic:  8/8        EV: 12    Int: 16    God:    Qazlal [......]
Gold:   96         SH:  0    Dex: 12    Spells: 3/9 levels left

rFire   x . .        d - +0 short sword
rCold   + . .        (no shield)
rNeg    + + +        a - +0 robe
rPois   ∞            (no helmet)
rElec   .            (no cloak)
rCorr   +            (no gloves)
SInv    .            (no boots)
Will    .....        (no amulet)
Stlth   ++           b - ring of resist corrosion
HPRegen 0.25/turn    (no ring)
MPRegen 0.11/turn

%: faith
@: no status effects
A: cold resistance 1, negative energy resistance 3, torment resistance 2, heat
vulnerability 1, in touch with death 1, no potions, faith
a: Renounce Religion


You were on level 4 of the Dungeon.
You worshipped Qazlal.
Qazlal was noncommittal.
You visited 1 branch of the dungeon, and saw 4 of its levels.

You collected 96 gold pieces.

Inventory:

Hand Weapons
 d - a +0 short sword (weapon)
Missiles
 e - 2 boomerangs (quivered)
Armour
 a - a +0 robe (worn)
Jewellery
 b - a ring of resist corrosion (left hand)
Wands
 f - a wand of polymorph (12)


   Skills:
 * Level 1.1 Fighting
 * Level 0.1 Short Blades
 * Level 0.4 Armour
 * Level 1.9 Dodging
 * Level 1.7 Stealth
 * Level 3.2 Spellcasting
 * Level 0.2 Conjurations
 * Level 1.2 Transmutations
 * Level 0.3 Air Magic
 * Level 2.9 Poison Magic


You had 3 spell levels left.
You knew the following spells:

 Your Spells              Type           Power      Damage    Failure   Level
a - Sting                 Tmut/Pois      36%        1d4       8%          1
b - Poisonous Vapours     Pois/Air       14%        N/A       14%         2
c - Mephitic Cloud        Conj/Pois/Air  6%         N/A       32%         3

Your spell library contained the following spells:

 Spells                   Type           Power      Damage    Failure   Level
 Olgreb's Toxic Radiance  Pois           12%        N/A       47%         4


Dungeon Overview and Level Annotations

Branches:
Dungeon (4/15)
 Temple: D:4-7

Altars:
Qazlal
Yredelemnul

Shops:
D:1 (:

Annotations:
D:3 Grinder
D:4 1 runed translucent door, jujuben's ghost, amateur OpFE


Innate Abilities, Weirdness & Mutations

You are immune to poison.
Your flesh is cold resistant. (rC+)
You are immune to negative energy. (rN+++)
You are immune to unholy pain and torment.
You are vulnerable to heat. (rF-)
You are in touch with the powers of death.
You do not drink.
You have a special connection with the divine. (Faith)


Message History

The phantom hits you.
* * * LOW HITPOINT WARNING * * *
The phantom blinks!
You blink.
You hit the phantom.
The phantom is heavily damaged.
The phantom closely misses you.
You closely miss the phantom.
The phantom is heavily damaged.
The phantom barely misses you.
As you read the scroll labelled GIBLOR ORISOE, it crumbles to dust.
The scroll dissolves into smoke.
It was a scroll of fog.
The phantom hits you.
* * * LOW HITPOINT WARNING * * *
The phantom blinks!
You blink.
Unknown command.
Aiming: Polymorph
Press: ? - help, Shift-Dir - straight line, f - you That beam is likely to hit you.
Continue anyway?
Nothing appears to happen.
The phantom hits you.
* * * LOW HITPOINT WARNING * * *
You closely miss the phantom.
The phantom is moderately damaged.
The phantom barely misses you.
You hit the phantom but do no damage.
The phantom is moderately damaged.
The phantom barely misses you.
You barely miss the phantom.
The phantom is moderately damaged.
The phantom barely misses you.
You hit the phantom.
The phantom is heavily damaged.
The phantom hits you.
* * * LOW HITPOINT WARNING * * *
The phantom blinks!
You blink.
You barely miss the phantom.
The phantom is heavily damaged.
The phantom barely misses you.
You hit the phantom.
The phantom is heavily damaged.
The phantom hits you.
You die...

.#
#.....#..####.....#####..†##
.###.####..##
#.....##.[.....# # .....#
#.######......).##.#..###
.#####
#.##.........#####.#..... .#
..##.###.....# #.#.#### .#
####..#.......# ..#.# # .#
## #.#........# ###.# # .#
#. ####..........# #.#
.####.##...§.§..@..### #.#
..##.....###§§..W..# #.
.....#.....##§§§§.## #.
........_..§§§§§§.##
##.#....8..#§§§§§..#
##.#...._..#§§§§§..##
##...#.....#........#
###..###.####.....#... #
#...#!.#####...#####


You could see a phantom.

Vanquished Creatures
  Terence (D:2)
  2 adders
  6 orcs
  3 endoplasms
  3 hobgoblins
  3 ball pythons
  7 frilled lizards (D:1)
  3 goblins
  A kobold (D:1)
  A rat (D:2)
30 creatures vanquished.

Notes
Turn   | Place    | Note
-------+----------+-------------------------------------------
     0 | D:1      | Merimose the Mummy Venom Mage began the quest for the Orb.
     0 | D:1      | Reached XP level 1. HP: 13/13 MP: 4/4
    26 | D:1      | Found Vanunn's Book Shop.
   107 | D:1      | Found Zehiobixt's Antique Weapon Shoppe.
   164 | D:1      | Reached XP level 2. HP: 13/20 MP: 0/5
   436 | D:2      | Noticed Terence
   444 | D:2      | Learned a level 2 spell: Poisonous Vapours
   490 | D:2      | Killed Terence
   491 | D:2      | Reached skill level 3 in Spellcasting
   491 | D:2      | Reached skill level 1 in Transmutations
   491 | D:2      | Gained mutation: You are in touch with the powers of death.
                  | [Mummy growth]
   491 | D:2      | Reached XP level 3. HP: 17/25 MP: 0/7
   564 | D:2      | Learned a level 3 spell: Mephitic Cloud
   671 | D:3      | Noticed Grinder
   729 | D:3      | Reached skill level 1 in Fighting
   857 | D:3      | Reached XP level 4. HP: 18/32 MP: 4/8
   980 | D:4      | Found a runed translucent door.
   984 | D:4      | Noticed jujuben's ghost (amateur OpFE)
  1038 | D:4      | Found a basalt altar of Yredelemnul.
  1038 | D:4      | Found a stormy altar of Qazlal.
  1059 | D:4      | Became a worshipper of Qazlal Stormbringer
  1065 | D:4      | Noticed a phantom
  1092 | D:4      | HP: 1/32 [phantom (4)]
  1096 | D:4      | Slain by a phantom

Illustrated notes

Levels and vault maps discovered:
D:1:      kennysheep_arrival_forest, layout_loops_ring, serial_shops,
          nicolae_shop_window_shopping, nicolae_shop_window_shopping, shop,
          shop, minmay_lizard_pond
D:2:      layout_basic, serial_forest, infiniplex_forest_lined_room_,
          infiniplex_forest_lined_room_, infiniplex_forest_lined_2,
          infiniplex_forest_lined_3, infiniplex_forest_zigzag_1,
          infiniplex_forest_straight_2, infiniplex_forest_lined_2, uniq_terence
D:3:      corexii_shack_village, layout_basic,
          grunt_temple_overflow_magic_moments, mainiacjoe_overflow_boulevard,
          uniq_robin, uniq_grinder
D:4:      layout_rooms, nicolae_dithmenos_the_darkroom,
          chequers_temple_overflow_statue_of_worship, ebering_ghost_sewer_f,
          hangedman_decor_lopped, dk_noncrumbling_2

Skill      XL: |  1  2  3 |
---------------+----------+-----
Spellcasting   | 3 |  3.2
Transmutations | 1 |  1.2
Fighting       | 1 |  1.1
Short Blades   | |  0.1
Armour         | |  0.4
Dodging        | |  1.9
Stealth        | |  1.7
Conjurations   | |  0.2
Air Magic      | |  0.3
Poison Magic   | |  2.9

Action                     |  1- 3 |  4- 6 || total
---------------------------+-------+-------++-------
  Melee: Short sword       |    10 |    28 ||    38
  Throw: Boomerang         |       |     4 ||     4
   Cast: Sting             |    36 |     5 ||    41
         Poisonous Vapours |     1 |       ||     1
  Evoke: Wand              |       |     1 ||     1
    Use: Scroll            |     1 |     1 ||     2
   Stab: Sleeping          |       |     1 ||     1
 Armour: Robe              |     9 |     1 ||    10
  Dodge: Dodged            |    32 |    15 ||    47
